 Dungeon Crawl Stone Soup version 0.19-a0-1740-g0bcaf2e (webtiles) character file.

1029 kae the Slasher (level 8, -6/57 HPs)
             Began as a Formicid Fighter on Oct 2, 2016.
             Was a Follower of Okawaru.
             Killed by divine providence
             ... invoked by an orc priest
              (13 damage)
             ... on level 5 of the Dungeon.
             The game lasted 00:04:52 (4203 turns).

kae the Slasher (Formicid Fighter)                  Turns: 4203, Time: 00:04:53

Health: -6/57      AC:  8    Str: 21 (22) XL:     8   Next: 47%
Magic:  8/8        EV:  8    Int:  5 (7)  God:    Okawaru [*.....]
Gold:   187        SH:  9    Dex: 13      Spells: 0 memorised, 7 levels left

rFire  . . .     SeeInvis +     a - +0 long sword
rCold  . . .     Gourm    .     b - +0 scale mail
rNeg   + . .     Faith    .     c - +0 shield
rPois  .         Spirit   .     (helmet unavailable)
rElec  .         Dismiss  .     h - +0 cloak
rCorr  .         Reflect  .     (no gloves)
MR     .....     Harm     .     (no boots)
Stlth  ..........               (no amulet)
                                n - +3 ring of dexterity
                                e - ring of positive energy

@: lethally poisoned (-6 -> -7)
A: permanent stasis, dig shafts and tunnels, four strong arms, antennae 3, frail
1, screaming 1, weak 1
a: Dig, Shaft Self, Heroism, Renounce Religion


You were on level 5 of the Dungeon.
You worshipped Okawaru.
Okawaru was aware of your devotion.
You were hungry.

You visited 2 branches of the dungeon, and saw 7 of its levels.

You collected 187 gold pieces.

Inventory:

Hand Weapons
 a - a +0 long sword (weapon)
Armour
 b - a +0 scale mail (worn)
 c - a +0 shield (worn)
 h - a +0 cloak (worn)
Jewellery
 e - a ring of positive energy (left hand)
 i - an uncursed ring of wizardry
 n - a +3 ring of dexterity (right hand)
Scrolls
 j - a scroll of identify
 o - a scroll of random uselessness
 p - 2 scrolls of remove curse
Potions
 m - a potion of haste
 q - 3 potions of flight
 s - a potion of brilliance
Books
 u - Jessica's Tome of Aid
   (You found it on level 2 of the Dungeon)

   Spells                             Type                      Level
   a - Shroud of Golubria             Charms/Translocation         2
Comestibles
 d - 2 meat rations
 f - 2 bread rations
 k - a slice of pizza
 l - 2 royal jellies


   Skills:
 + Level 6.1 Fighting
 * Level 6.8 Long Blades
 + Level 5.9 Armour
 - Level 3.6 Shields


You had 7 spell levels left.
You didn't know any spells.

Dungeon Overview and Level Annotations

Branches:
Dungeon (6/15)             Temple (1/1) D:5

Altars:
Ashenzari
Cheibriados
Dithmenos
Elyvilon
Fedhas
Gozag
Hepliaklqana
Kikubaaqudgha
Nemelex Xobeh
Okawaru
Qazlal
Ru
Sif Muna
Trog
Uskayaw
Vehumet
Xom
Zin
The Shining One


Innate Abilities, Weirdness & Mutations

You are under a permanent stasis effect.
You can dig through walls and to a lower floor.
Your four strong arms can wield two-handed weapons with a shield.
You have a pair of large antennae on your head. (SInv)
You are frail. (-10% HP)
You occasionally shout uncontrollably at your foes.
You are weak. (Str -2)


Message History

You closely miss the orc priest. You block the orc priest's attack.
You closely miss the orc priest.
You feel sick.
The orc priest casts a cantrip, but nothing happens.
Your shield and scale mail prevent you from hitting the orc priest.
The orc priest hits you but does no damage.
You hit the orc priest.
The orc priest is lightly wounded.
The orc priest hits you.
* * * LOW HITPOINT WARNING * * *
The orc priest barely misses you.
You barely miss the orc priest.
The orc priest is lightly wounded.
You feel sick.
The orc priest invokes the aid of Beogh against you.
You struggle to resist.
You barely miss the orc priest.
The orc priest is lightly wounded.
The orc priest invokes the aid of Beogh against you.
Beogh smites you!
You die...

.# # .... #.# .# #..# ###
#.# #.# #..# ##@####.##..#
#.># #o###.......###..#
#.####{##.....#......#
#...).{.........####.##
........({r.....#..#.....
##.#######......##.รท>#...
#.###..#..##(### {
#.####...##.#### {
#...............


You could see an orc priest.

Vanquished Creatures
  Sigmund (D:3)
  A phantom (D:4)
  A centaur (D:5)
  2 scorpions (D:5)
  A killer bee (D:5)
  A centaur zombie (D:5)
  2 centaur skeletons (D:4)
  3 hounds (D:5)
  An orc wizard (D:5)
  Jessica (D:2)
  3 worker ants
  Terence (D:2)
  6 adders
  4 gnolls (D:4)
  A shadow imp (D:5)
  4 oozes
  An adder skeleton (D:4)
  An adder zombie (D:5)
  4 worms
  2 dart slugs
  4 leopard geckos
  10 orcs
  5 giant cockroaches
  7 goblins
  11 hobgoblins
  10 jackals
  4 kobolds
  4 quokkas
  4 bats
  5 frilled lizards
  A leopard gecko skeleton (D:4)
  2 rats (D:2)
108 creatures vanquished.

Notes
Turn   | Place    | Note
-------+----------+-------------------------------------------
     0 | D:1      | kae the Formicid Fighter began the quest for the Orb.
     0 | D:1      | Reached XP level 1. HP: 18/18 MP: 1/1
    52 | D:1      | Reached XP level 2. HP: 13/24 MP: 2/2
   344 | D:1      | Reached XP level 3. HP: 27/30 MP: 3/3
   845 | D:2      | Noticed Terence
   853 | D:2      | Killed Terence
   853 | D:2      | Reached XP level 4. HP: 30/37 MP: 4/4
  1038 | D:2      | Reached XP level 5. HP: 32/42 MP: 5/5
  1372 | D:2      | Noticed Jessica
  1377 | D:2      | Killed Jessica
  1396 | D:2      | Identified Jessica's Tome of Aid
  1705 | D:3      | Found a bloodstained altar of Trog.
  1705 | D:3      | Noticed Sigmund
  1726 | D:3      | Killed Sigmund
  1726 | D:3      | Reached XP level 6. HP: 29/49 MP: 6/6
  1800 | D:3      | You fall through a shaft for 3 floors!
  1832 | D:5      | Entered Level 5 of the Dungeon
  1851 | D:5      | Reached skill level 5 in Long Blades
  1851 | D:5      | Reached skill level 5 in Armour
  1851 | D:5      | Reached XP level 7. HP: 36/55 MP: 7/7
  2212 | D:5      | Reached skill level 5 in Fighting
  2266 | D:5      | Found a staircase to the Ecumenical Temple.
  2271 | Temple   | Entered the Ecumenical Temple
  2278 | Temple   | Became a worshipper of Warmaster Okawaru
  2316 | D:5      | Gained mutation: You are weak. (Str -2) [potion of mutation]
  2316 | D:5      | Gained mutation: You are frail. (-10% HP) [potion of mutation]
  2316 | D:5      | Gained mutation: You occasionally shout uncontrollably at your foes. [potion of mutation]
  2528 | D:4      | Reached XP level 8. HP: 29/56 MP: 8/8
  2736 | D:4      | Reached * piety under Okawaru
  3194 | D:3      | Found a faded altar of an unknown god.
  3293 | D:3      | Found a deep blue altar of Sif Muna.
  4016 | D:4      | Found a sparkling altar of Nemelex Xobeh.
  4042 | D:4      | Found an ancient bone altar of Kikubaaqudgha.
  4203 | D:5      | Killed from afar by an orc priest

Vault maps used:
D:1:      roderic_crossed_star
D:2:      kennysheep_jessica_study, uniq_terence
D:3:      lemuel_round_altar, led_sif_pool, ecumenical_altar_2, uniq_sigmund
D:4:      kennysheep_mini, nemelex_xobeh_ov_fountains_minmay
D:5:      first_bread
Temple:   nicolae_temple_no_exploring_needed

Skill      XL: |  1  2  3  4  5  6  7  8 |
---------------+-------------------------+-----
Fighting       | 4 5 6 |  6.1
Long Blades    | 3 4 5 6 |  6.8
Armour         | 4 5 |  5.9
Shields        | |  3.6

Action                   |  1- 3 |  4- 6 |  7- 9 || total
-------------------------+-------+-------+-------++-------
Melee: Long sword        |   107 |   119 |   260 ||   486
 Abil: Dig               |       |     1 |     3 ||     4
  Use: Scroll            |       |     8 |     5 ||    13
       Potion            |       |       |     5 ||     5
  Eat: Chunk             |       |     3 |     8 ||    11
Armor: Scale mail        |    35 |    41 |    85 ||   161
Dodge: Dodged            |    25 |    26 |    79 ||   130
Block: Shield            |    41 |    42 |   110 ||   193
